 Dungeon Crawl Stone Soup version bcrawl-1.36 (webtiles) character file.

Game seed: 9305679469479751392

82896 Morbidden the Sneak (level 3, 0/20 HPs)
             Began as a Vine Stalker Archaeologist on Apr 30, 2022.
             Succumbed to an adder's poison
             ... on level 3 of the Dungeon.
             The game lasted 00:01:41 (2187 turns).

Morbidden the Sneak (Vine Stalker Archaeologist)    Turns: 2187, Time: 00:01:41

Health: 0/20       AC:  6    Str: 13    XL:     3   Next: 58%
Magic:  5/5        EV: 13    Int: 15    God:
Gold:   38         SH:  0    Dex: 12    Spells: 4/4 levels left

rFire    . . .     SeeInvis .   a - +0 dagger
rCold    . . .     Gourm    .   (no shield)
rNeg     . . .     Faith    .   c - +1 robe
rPois    .         Spirit   .   d - +1 hat
rElec    .         Reflect  .   (no cloak)
rCorr    .                      (no gloves)
MR       .....                  p - +1 pair of boots
Stlth    +.........             (no amulet)
HPRegen  0.46/turn              r - ring of attention (curse)
MPRegen  0.09/turn              (no ring)

@: lethally poisoned (0 -> -4)
A: fangs 2, regeneration 1, no potion heal 3, rot immunity, strong jaws
a: no special abilities


You were on level 3 of the Dungeon.
You were hungry.

You visited 1 branch of the dungeon, and saw 3 of its levels.

You collected 38 gold pieces.

Inventory:

Hand Weapons
 a - a +0 dagger (weapon)
 b - a +0 blowgun
Missiles
 f - 6 curare-tipped needles
Armour
 c - a +1 robe (worn)
 d - a +1 hat (worn)
 p - a +1 pair of boots (worn)
Jewellery
 r - a cursed ring of attention (left hand)
Scrolls
 g - a scroll of magic mapping
 k - a scroll of teleportation {unknown}
 m - 3 scrolls of remove curse {unknown}
 n - a scroll of enchant armour {unknown}
Potions
 j - a potion of haste {unknown}
 l - 3 potions of curing {unknown}
 q - 4 potions of heal wounds {unknown}
Miscellaneous
 h - a dusty tome
Comestibles
 e - 2 rations {!d}
 i - 2 chunks of flesh


   Skills:
 * Level 1.1 Fighting
 * Level 0.9 Short Blades
   Level 0.8 Maces & Flails
 * Level 4.0 Dodging
 + Level 4.9 Stealth
 * Level 1.0 Spellcasting


You had 4 spell levels left.
You didn't know any spells.
Your spell library was empty.

Dungeon Overview and Level Annotations

Branches:
Dungeon (3/12)

Altars:
Yredelemnul


Innate Abilities, Weirdness & Mutations

You have extremely sharp teeth.
Your natural rate of healing is unusually fast.
Potions cannot restore your health.
You are immune to rotting.
Your bites deal extra damage.


Message History

You closely miss the adder. Your bite misses the adder.
The adder is moderately wounded.
You feel sick. The adder bites you but does no damage.
You hit the adder but do no damage.
The adder is moderately wounded.
You feel sick. The adder bites you.
* * * LOW HITPOINT WARNING * * *
The adder bites you.
* * * LOW HITPOINT WARNING * * *
You are more poisoned.
The adder poisons you!
You closely miss the adder.
The adder is moderately wounded.
* * * LOW HITPOINT WARNING * * *
You feel sick. The adder closely misses you.
No path to travel!
You miss the adder.
The adder is moderately wounded.
You are feeling hungry.
You die...

.#. #. .. ..# # #..#.# .#
#..#.## ###. . #..... ... ..
#..#.# #.# ... #(.#.####S####.#
.... +........@.....# .....
#..#.####.####.#
......#...........
.......>......#.### ###
########.......... #.#
#...####.## #.# #########.#.##
#.# #.#
..........#..###.###########
#.#
#####.....................###.#


You could see an adder.

Vanquished Creatures
  A dart slug (D:3)
  A worm (D:3)
  2 leopard geckos (D:2)
  2 ball pythons (D:2)
  4 giant cockroaches
  5 goblins
  7 hobgoblins
  A quokka (D:2)
  3 bats
  3 kobolds
  3 rats
32 creatures vanquished.

Notes
Turn   | Place    | Note
-------+----------+-------------------------------------------
     0 | D:1      | Morbidden the Vine Stalker Archaeologist began the quest
                  | for the Orb.
     0 | D:1      | Reached XP level 1. HP: 11/11 MP: 2/2
   156 | D:1      | Reached XP level 2. HP: 10/16 MP: 3/3
   429 | D:1      | Reached skill level 1 in Fighting
  1496 | D:2      | Found a basalt altar of Yredelemnul.
  1573 | D:2      | Reached XP level 3. HP: 18/20 MP: 4/4
  1915 | D:2      | Reached skill level 1 in Spellcasting
  2186 | D:3      | HP: 1/20 [poisoned by an adder]
  2187 | D:3      | Succumbed to an adder's poison

Skill      XL: |  1  2  3 |
---------------+----------+-----
Fighting       | 1 |  1.1
Spellcasting   | 1 |  1.0
Dodging        | 4 |  4.0
Short Blades   | |  0.9
Maces & Flails | |  0.8
Stealth        | |  4.9

Action                   || total
-------------------------++-------
Melee: Whip              ||    23
       Dagger            ||   129
       Bite              ||     7
  Use: Scroll            ||     1
 Stab: Sleeping          ||    10
  Eat: Chunk             ||     8
Armor: Robe              ||    44
Dodge: Dodged            ||   109
